 Dungeon Crawl Stone Soup version 0.28-a0-664-gc179e30c89 (webtiles) character file.

Game seed: 15897538342139801760

163 ytrimaz the Ducker (level 5, -1/36 HPs)
             Began as an Octopode Fighter on Oct 16, 2021.
             Killed by nerve-wracking pain
             ... invoked by Jessica
              (11 damage)
             ... on level 3 of the Dungeon.
             The game lasted 00:04:08 (2616 turns).

ytrimaz the Ducker (Octopode Fighter)               Turns: 2616, Time: 00:04:08

Health: -1/36      AC:  2    Str: 16    XL:     5   Next: 44%
Magic:  5/5        EV: 14    Int: 10    God:
Gold:   97         SH:  5    Dex: 12    Spells: 4/4 levels left

rFire   . . .      SeeInvis .   a - +0 rapier
rCold   . . .      Faith    .   b - +0 buckler
rNeg    . . .      Spirit   .   (helmet restricted)
rPois   .          Reflect  .   (no amulet)
rElec   .          Harm     .   (no ring)
rCorr   .          Rampage  .   (no ring)
Will    .....                   (no ring)
Stlth   ++........              (no ring)
HPRegen 0.12/turn               (no ring)
MPRegen 0.09/turn               (no ring)
                                (no ring)
                                (no ring)

@: brilliant, flying
A: almost no armour, amphibious, 8 rings, camouflage 1, gelatinous body 1,
(nimble swimmer 1), tentacles, deterioration 1, shaggy fur 1, subdued magic 1
a: no special abilities


You were on level 3 of the Dungeon.
You visited 1 branch of the dungeon, and saw 3 of its levels.

You collected 97 gold pieces.

Inventory:

Hand Weapons
 a - a +0 rapier (weapon)
 j - a +0 dagger of speed
Armour
 b - a +0 buckler (worn)
Jewellery
 k - a ring of ice
Scrolls
 g - a scroll of identify


   Skills:
 - Level 3.0 Fighting
 - Level 2.0 Short Blades
 * Level 5.3 Dodging
 - Level 4.0 Shields


You had 4 spell levels left.
You didn't know any spells.
Your spell library contained the following spells:

 Spells                   Type           Power      Damage    Failure   Level
 Slow                     Hex            0%         N/A       45%         2
 Confusing Touch          Hex            0%         N/A       71%         3
 Inner Flame              Hex/Fire       0%         N/A       71%         3
 Cause Fear               Hex            0%         N/A       98%         4
 Yara's Violent Unravell  Hex/Tmut       0%         3d3       100%        5
 Discord                  Hex            0%         N/A       100%        8


Dungeon Overview and Level Annotations

Branches:
Dungeon (3/15)

Altars:
Hepliaklqana

Annotations:
D:3 Jessica


Innate Abilities, Weirdness & Mutations

You cannot wear most types of armour.
You are amphibious.
You can wear up to eight rings at the same time.
Your skin changes colour to match your surroundings (Stealth+).
Your rubbery body absorbs attacks. (AC +1, EV +1)
((You are camouflaged near water. (Stealth+)))
You have tentacles for arms and can constrict up to eight enemies at once.
Your body sometimes deteriorates upon taking damage.
You are covered in fur. (AC +1)
Your spells are a little easier to cast, but a little less powerful.


Message History

Jessica is heavily wounded.
You feel less confused. Jessica hits you with a +0 dagger.
* * * LOW HITPOINT WARNING * * *
You feel much better.
Jessica zaps a wand.
Your will is overpowered!
You are confused.
Jessica barely misses you. Jessica hits you with a +0 dagger.
Jessica hits you with a +0 dagger!
You bump into the stone wall.
Jessica hits you with a +0 dagger. x2
You hit Jessica.
Jessica is severely wounded.
Jessica hits you with a +0 dagger.
* * * LOW HITPOINT WARNING * * *
It was a potion of curing.
You feel better. Jessica hits you with a +0 dagger. You block Jessica's attack.
You feel better. You block Jessica's attack.
It was a potion of flight.
You feel very buoyant.
You fly up into the air.
Jessica zaps a wand.
You resist with some effort. Jessica hits you with a +0 dagger.
It was a potion of brilliance.
You feel clever all of a sudden. Jessica gestures at you while chanting.
Pain shoots through your body!
* * * LOW HITPOINT WARNING * * *
It was a potion of mutation.
You feel extremely strange.
You feel yourself wasting away.
Your connection to magic feels subdued.
Fur sprouts all over your body.
Jessica is no longer moving quickly.
Jessica zaps a wand.
You resist with some effort.
Jessica zaps a wand.
You resist with some effort.
The now-empty wand crumbles to dust.
Unknown command.
Unknown command.
Okay, then.
Jessica casts a spell at you.
You barely resist. Jessica casts a spell at you. Pain shoots through your body!
You die...

#.# #.# #.#
#.##############..#####
#.................#...#
##########.########._.#
#.## #.§.#
#§§#######§..#####
#.§§@§§@§§§§.....#
#.§§§§§§§§§#...8.#
#.§§§§§§§§§§.....#
#§§#######§§.##### ####
#[§.# #._.# #...# #####


You could see Jessica.

Vanquished Creatures
  Crazy Yiuf (D:2)
  Natasha (thrice) (D:2)
  2 adders (D:2)
  A worm (D:2)
  6 bats
  6 endoplasms
  5 goblins
  5 hobgoblins
  3 ball pythons
  2 frilled lizards (D:2)
  4 kobolds
  7 rats
45 creatures vanquished.

Notes
Turn   | Place    | Note
-------+----------+-------------------------------------------
     0 | D:1      | ytrimaz the Octopode Fighter began the quest for the Orb.
     0 | D:1      | Reached XP level 1. HP: 16/16 MP: 1/1
   256 | D:1      | Reached XP level 2. HP: 18/21 MP: 2/2
   940 | D:2      | Found a runed translucent door.
   941 | D:2      | Noticed Crazy Yiuf
   948 | D:2      | Killed Crazy Yiuf
   949 | D:2      | Reached XP level 3. HP: 8/26 MP: 3/3
  1062 | D:2      | Reached skill level 4 in Dodging
  1062 | D:2      | Reached XP level 4. HP: 7/31 MP: 4/4
  1409 | D:2      | Noticed Natasha
  1458 | D:2      | Killed Natasha
  1552 | D:2      | Noticed Natasha
  1653 | D:2      | Killed Natasha
  1654 | D:2      | Reached XP level 5. HP: 24/36 MP: 5/5
  1663 | D:2      | Noticed Natasha
  1671 | D:2      | Killed Natasha
  1672 | D:2      | Reached skill level 5 in Dodging
  2445 | D:3      | Found a faded altar of an unknown god.
  2580 | D:3      | Found a faded altar of an unknown god.
  2580 | D:3      | Noticed Jessica
  2582 | D:3      | Found a hazy altar of Hepliaklqana.
  2608 | D:3      | Gained mutation: Your body sometimes deteriorates upon
                  | taking damage. [potion of mutation]
  2608 | D:3      | Gained mutation: Your spells are a little easier to cast,
                  | but a little less powerful. [potion of mutation]
  2608 | D:3      | Gained mutation: You are covered in fur. (AC +1) [potion of
                  | mutation]
  2616 | D:3      | Killed from afar by Jessica

Illustrated notes

Levels and vault maps discovered:
D:1:      co_arrival_square_in_a_square_in_a_square, layout_rooms
D:2:      layout_rooms, minmay_heptomino_o4, uniq_natasha,
          uniq_crazy_yiuf_cottage
D:3:      layout_basic, beargit_hepliaklqana_dungeon_heroes,
          hellmonk_ecumenical_altar_slurped_away, fountainhead

Skill      XL: |  1  2  3  4  5 |
---------------+----------------+-----
Dodging        | 4 5 |  5.3
Shields        | 4 |  4.0
Fighting       | |  3.0
Short Blades   | |  2.0

Action                   |  1- 3 |  4- 6 || total
-------------------------+-------+-------++-------
Melee: Rapier            |    45 |    42 ||    87
       Constrict         |     7 |    10 ||    17
       Tentacles         |     2 |     6 ||     8
  Use: Scroll            |     2 |     2 ||     4
       Potion            |     2 |     6 ||     8
 Stab: Sleeping          |     5 |     3 ||     8
       Distracted        |       |     1 ||     1
Armor: Skin              |     5 |     3 ||     8
Dodge: Dodged            |    19 |    21 ||    40
Block: Buckler           |     4 |     5 ||     9

Table legend: (Time is in decaauts)
 A = Elapsed time spent in this place.
 B = Non-inter-level travel time spent in this place.
 C = Inter-level travel time spent in this place.
 D = Time resting spent in this place.
 E = Time spent auto-exploring this place.
 F = Levels seen in this place.
 G = Mean time per level.
                   A        B        C        D        E       F      G
               +--------+--------+--------+--------+--------+-----+--------+
         Total |   2625 |   2570 |     55 |   1065 |   1024 |   3 |  875.0 |
       Dungeon |   2625 |   2570 |     55 |   1065 |   1024 |   3 |  875.0 |
               +--------+--------+--------+--------+--------+-----+--------+

Top non-repeatable levels by time:
     D:2: 1290 daAuts
     D:1: 1164 daAuts
     D:3: 171 daAuts
